 Dungeon Crawl Stone Soup version 0.25-a0-478-g33c61bdccf (webtiles) character file.

Game seed: 16035790801655042904, levelgen mode: deterministic

1682 kae the Cutter (level 8, -3/78 HPs)
             Began as a Demonspawn Enchanter on Feb 8, 2020.
             Slain by Duvessa
             ... wielding a +4 rapier of holy wrath
              (4 damage)
             ... on level 6 of the Dungeon.
             The game lasted 00:10:43 (6403 turns).

kae the Cutter (Demonspawn Enchanter)               Turns: 6403, Time: 00:10:43

Health: -3/78      AC: 24    Str:  8    XL:     8   Next: 71%
Magic:  9/11       EV:  2    Int: 18    God:
Gold:   109        SH:  0    Dex: 15    Spells: 5/11 levels left

rFire    + . .     SeeInvis .   x - +1 dagger (freeze)
rCold    . . .     Gourm    .   (no shield)
rNeg     + + +     Faith    .   (armour currently unavailable)
rPois    +         Spirit   .   (helmet currently unavailable)
rElec    .         Reflect  .   (cloak currently unavailable)
rCorr    .         Harm     .   (gloves currently unavailable)
MR       .....     NoTele   +   (boots currently unavailable)
Stlth    +++.......             (no amulet)
HPRegen  0.23/turn              c - ring of poison resistance
MPRegen  0.12/turn              p - ring of protection from fire

@: confusing touch, tree-form
A: powered by death 2
a: no special abilities


You were on level 6 of the Dungeon.
You were not hungry.
You were a tree.
You visited 1 branch of the dungeon, and saw 6 of its levels.

You collected 285 gold pieces.
You spent 176 gold pieces at shops.

Inventory:

Hand Weapons
 a - a +1 dagger
 x - a +1 dagger of freezing (weapon)
Armour
 b - a +0 robe (melded)
 f - a +0 hat (melded)
 o - a +0 pair of gloves (melded)
Jewellery
 c - a ring of poison resistance (left branch)
 i - an uncursed ring of fire
 p - a ring of protection from fire (right branch)
Wands
 t - a wand of flame (20)
 y - a wand of enslavement (7)
Scrolls
 e - a scroll of remove curse
 h - 2 scrolls of teleportation
 l - 4 scrolls of identify
 n - a scroll of blinking
 s - 2 scrolls of fear
 w - a scroll of fog
Potions
 g - 2 potions of cancellation
 j - a potion of brilliance
 k - a potion of might {unknown}
 q - a potion of invisibility {unknown}
 r - a potion of berserk rage {unknown}
 u - 2 potions of lignification
 v - a potion of agility
Comestibles
 d - 7 rations


   Skills:
 * Level 7.2 Short Blades
 - Level 1.7 Dodging
 + Level 6.1 Stealth
 - Level 2.0 Spellcasting
 + Level 6.3 Hexes


You had 5 spell levels left.
You knew the following spells:

 Your Spells              Type           Power        Failure   Level  Hunger
a - Corona                Hex            ###....      1%          1    #......
b - Ensorcelled Hibernat  Hex/Ice        ##....       8%          2    ###....
c - Confusing Touch       Hex            ###.....     4%          3    ###....

Your spell library contained the following spells:

 Spells                   Type           Power        Failure   Level  Hunger
 Tukima's Dance           Hex            ###.....     4%          3    ###....
 Dazzling Flash           Conj/Hex       ##....       16%         3    ###....
 Gell's Gravitas          Tloc           #.........   47%         3    ###....
 Metabolic Englaciation   Hex/Ice        ##........   80%         5    ######.
 Yara's Violent Unravell  Hex/Tmut       ##........   80%         5    ######.
 Petrify                  Tmut/Erth      #.......     87%         4    #####..


Dungeon Overview and Level Annotations

Branches:
Dungeon (6/15)
 Temple: D:4-7

Altars:
Elyvilon
Gozag
Makhleb
Okawaru
Trog
Vehumet
Yredelemnul
Beogh

Shops:
D:4 !

Annotations:
D:3 3 runed translucent doors, mopl's ghost, amateur DsSk
D:5 exclusion: 2 orc priests
D:6 Dowan; Duvessa


Innate Abilities, Weirdness & Mutations

((You have razor-sharp toenails.))
((You are partially covered in molten scales. (AC +2)))
You regenerate health from kills.


Message History

You hit Duvessa but do no damage. The jackal completely misses you.
Duvessa hits you with a +4 rapier of holy wrath.
* * * LOW HITPOINT WARNING * * *
You convulse.
* * * LOW HITPOINT WARNING * * *
The freed slave barely misses something.
Something hits the freed slave but does no damage.
You hit Duvessa but do no damage.
You hear the hiss of an avalanche of sand nearby.
The jackal bites you but does no damage.
Duvessa hits you but does no damage.
The freed slave misses something.
You hit Duvessa but do no damage.
Something hits the freed slave.
The jackal bites you but does no damage.
Duvessa hits you but does no damage.
You hit Duvessa but do no damage.
The freed slave hits something!
The jackal bites you but does no damage.
Duvessa hits you with a +4 rapier of holy wrath!
* * * LOW HITPOINT WARNING * * *
You convulse.
You die...

... Z# #.# .# ###.# ..#
#...##..# ##.#.....#
##....#.#..# ###.p.÷...#
####.h....####
#..e♣#.#.##
#######p####..%#
##.>.....###...##
######..#(.e.#....#.##
#....>...pe....#........
#................##.#...
#.p..........###......###
#.........#### ..##.###
#######...# #.###.#


You could see Duvessa, a jackal and 2 neutral freed slaves.

Vanquished Creatures
  Pikel (D:6)
  Prince Ribbit (D:5)
  A phantom (D:5)
  A slave (D:6)
  A bullfrog (D:6)
  A scorpion (D:5)
  2 crimson imps (D:5)
  A howler monkey (D:4)
  A bullfrog zombie (D:5)
  2 hounds (D:5)
  4 orc priests (D:5)
  3 bullfrog skeletons
  2 iguanas
  3 worker ants
  Natasha (thrice) (D:2)
  A hound zombie (D:6)
  A hound skeleton (D:6)
  A howler monkey zombie (D:5)
  A howler monkey skeleton (D:4)
  6 adders
  4 gnolls (D:5)
  A shadow imp (D:2)
  2 oozes
  A worm (D:2)
  4 dart slugs
  4 leopard geckos
  5 orcs (D:5)
  8 bats
  5 giant cockroaches
  8 goblins
  3 hobgoblins (D:1)
  2 quokkas
  8 frilled lizards
  13 kobolds
  A leopard gecko zombie (D:5)
  A quokka zombie (D:5)
  5 rats
112 creatures vanquished.

Notes
Turn   | Place    | Note
-------+----------+-------------------------------------------
     0 | D:1      | kae the Demonspawn Enchanter began the quest for the Orb.
     0 | D:1      | Reached XP level 1. HP: 13/13 MP: 3/3
   140 | D:1      | Reached skill level 1 in Short Blades
   700 | D:1      | Gained mutation: You regenerate a little health from kills.
                  | [demonic ancestry]
   700 | D:1      | Reached XP level 2. HP: 19/19 MP: 5/5
  1362 | D:1      | Reached skill level 2 in Short Blades
  1417 | D:1      | Gained mutation: You regenerate health from kills. [demonic
                  | ancestry]
  1417 | D:1      | Reached XP level 3. HP: 24/24 MP: 6/6
  1564 | D:2      | Noticed Natasha
  1569 | D:2      | Learned a level 2 spell: Ensorcelled Hibernation
  1573 | D:2      | Killed Natasha
  1665 | D:2      | Noticed Natasha
  1670 | D:2      | Killed Natasha
  1670 | D:2      | Gained mutation: You have sharp toenails. [demonic
                  | ancestry]
  1670 | D:2      | Reached XP level 4. HP: 30/30 MP: 2/7
  1844 | D:2      | Learned a level 3 spell: Confusing Touch
  2042 | D:2      | Reached skill level 3 in Short Blades
  2182 | D:2      | Found a basalt altar of Yredelemnul.
  2381 | D:2      | Noticed Natasha
  2382 | D:2      | Found a white marble altar of Elyvilon.
  2397 | D:2      | Killed Natasha
  2397 | D:2      | Reached XP level 5. HP: 32/35 MP: 1/8
  2973 | D:3      | Found an opulent altar of Gozag.
  3088 | D:3      | Found a runed translucent gate.
  3089 | D:3      | Found a runed translucent gate.
  3090 | D:3      | Found a runed translucent gate.
  3092 | D:3      | Noticed mopl's ghost (amateur DsSk)
  3094 | D:3      | Identified the +2 chain mail of Greed {rN+ Str+3}
  3095 | D:3      | Found a roughly hewn altar of Beogh.
  3150 | D:3      | Found a radiant altar of Vehumet.
  3152 | D:3      | Found an iron altar of Okawaru.
  3441 | D:4      | Found Xapretag's Distillery.
  3706 | D:4      | Bought a potion of lignification for 33 gold pieces
  3706 | D:4      | Bought a potion of curing for 33 gold pieces
  3706 | D:4      | Bought a potion of lignification for 33 gold pieces
  3706 | D:4      | Bought a potion of lignification for 33 gold pieces
  3706 | D:4      | Bought a potion of agility for 44 gold pieces
  3796 | D:4      | Gained mutation: You have razor-sharp toenails. [demonic
                  | ancestry]
  3796 | D:4      | Reached XP level 6. HP: 40/41 MP: 6/9
  3800 | D:4      | Reached skill level 4 in Short Blades
  3869 | D:4      | Found a burning altar of Makhleb.
  4036 | D:5      | Entered Level 5 of the Dungeon
  4381 | D:5      | Noticed Prince Ribbit
  4710 | D:5      | Gained mutation: You are partially covered in molten
                  | scales. (AC +2) [demonic ancestry]
  4710 | D:5      | Reached XP level 7. HP: 46/46 MP: 10/10
  4981 | D:5      | Found a bloodstained altar of Trog.
  5064 | D:5      | Reached skill level 5 in Short Blades
  5308 | D:5      | Reached skill level 5 in Hexes
  5679 | D:5      | Reached skill level 5 in Stealth
  5792 | D:5      | HP: 1/46 [Prince Ribbit (8)]
  6060 | D:5      | Killed Prince Ribbit
  6060 | D:5      | Reached skill level 6 in Short Blades
  6060 | D:5      | Reached XP level 8. HP: 47/52 MP: 2/11
  6290 | D:6      | Noticed Pikel
  6303 | D:6      | Killed Pikel
  6303 | D:6      | Reached skill level 7 in Short Blades
  6381 | D:6      | Noticed Dowan
  6383 | D:6      | Noticed Duvessa
  6403 | D:6      | HP: 1/78 [Duvessa/+4 rapier of holy wrath (8)]
  6403 | D:6      | Slain by Duvessa

Levels and vault maps discovered:
D:1:      dpeg_arrival_water_fire, layout_loops_ring
D:2:      layout_loops_corners, kennysheep_ying_yang, minmay_unequal,
          uniq_natasha
D:3:      layout_rooms, minitemple, biasface_ghost_orc_armoury,
          nicolae_gozag_cash_rules_everything_around_me
D:4:      layout_rooms, kennysheep_mini, first_ration, serial_shops, shop_statue
D:5:      layout_gridville, old_standard_altar, uniq_prince_ribbit1
D:6:      layout_rooms, zin_statuary, nicolae_ossuary_entry_catacombs,
          uniq_duvessa, uniq_pikel, uniq_grinder

Skill      XL: |  1  2  3  4  5  6  7  8 |
---------------+-------------------------+-----
Short Blades   | 1 2 3 4 6 7 |  7.2
Stealth        | 3 4 5 6 |  6.1
Hexes          | 4 5 6 |  6.3
Dodging        | |  1.7
Spellcasting   | |  2.0

Action                   |  1- 3 |  4- 6 |  7- 9 || total
-------------------------+-------+-------+-------++-------
Melee: Dagger            |   121 |   212 |   121 ||   454
       Kick              |       |    29 |    28 ||    57
 Cast: Corona            |    11 |     4 |     4 ||    19
       Ensorcelled Hiber |     4 |    30 |    39 ||    73
       Confusing Touch   |       |     6 |     2 ||     8
  Use: Scroll            |     4 |     3 |     1 ||     8
       Potion            |       |     4 |     3 ||     7
 Stab: Sleeping          |     5 |    30 |    19 ||    54
       Confused          |       |     5 |     1 ||     6
  Eat: Chunk             |     3 |    11 |     7 ||    21
       Ration            |       |       |     1 ||     1
Armor: Robe              |    19 |    34 |    24 ||    77
       Skin              |       |    34 |    12 ||    46
Dodge: Dodged            |    80 |    95 |    57 ||   232

Table legend:
 A = Non-vault XP
 B = Vault XP
 C = Vault XP percentage of total XP
 D = Non-vault monster count
 E = Vault monster count
 F = Vault count percentage of total count
                 A         B        C        D         E       F
            +---------+---------+-------+---------+---------+-------
      Total |    1448 |     955 |  39.7 |     104 |       7 |   6.3
            +---------+---------+-------+---------+---------+-------
        D:1 |      45 |       0 |   0.0 |      22 |       0 |   0.0
        D:2 |     131 |      50 |  27.6 |      22 |       5 |  18.5
        D:3 |      27 |       0 |   0.0 |      12 |       0 |   0.0
        D:4 |     208 |       0 |   0.0 |      11 |       0 |   0.0
        D:5 |     811 |     264 |  24.6 |      31 |       1 |   3.1
        D:6 |     226 |     641 |  73.9 |       6 |       1 |  14.3
            +---------+---------+-------+---------+---------+-------
